 Dungeon Crawl Stone Soup version 0.25-a0-419-g7650d0de75 (webtiles) character file.

Game seed: 492604118281756528, levelgen mode: deterministic

48 vurker the Gusty (level 3, 0/20 HPs)
             Began as a Tengu Air Elementalist on Jan 17, 2020.
             Slain by a goblin
             ... wielding a +0 dagger
             ... led by Robin
              (1 damage)
             ... on level 2 of the Dungeon.
             The game lasted 00:02:27 (1680 turns).

vurker the Gusty (Tengu Air Elementalist)           Turns: 1680, Time: 00:02:28

Health: 0/20       AC:  2    Str:  8    XL:     3   Next: 72%
Magic:  1/7        EV: 12    Int: 16    God:
Gold:   51         SH:  0    Dex: 14    Spells: 6/7 levels left

rFire    . . .     SeeInvis .   h - +0 dagger
rCold    . . .     Gourm    .   (no shield)
rNeg     . . .     Faith    .   a - +0 robe
rPois    .         Spirit   .   (helmet restricted)
rElec    .         Reflect  .   (no cloak)
rCorr    .         Harm     .   (no gloves)
MR       .....                  (boots unavailable)
Stlth    ++........             (no amulet)
HPRegen  0.06/turn              (no ring)
MPRegen  0.10/turn              (no ring)

@: about to teleport
A: beak, talons 3
a: no special abilities


You were on level 2 of the Dungeon.
You were not hungry.

You visited 1 branch of the dungeon, and saw 2 of its levels.

You collected 51 gold pieces.

Inventory:

Hand Weapons
 h - a +0 dagger (weapon)
   (You took it off a goblin on level 1 of the Dungeon)
Missiles
 k - a throwing net (quivered)
Armour
 a - a +0 robe (worn)
Scrolls
 g - 2 scrolls of teleportation
 i - a scroll of identify {unknown}
 j - 2 scrolls of remove curse {unknown}
 l - a scroll of amnesia {unknown}
 m - a scroll of enchant armour {unknown}
Potions
 b - a potion of degeneration {unknown}
 c - 2 potions of haste {unknown}
 d - 2 potions of agility {unknown}
 f - 2 potions of heal wounds {unknown}
Comestibles
 e - 2 rations


   Skills:
 + Level 1.0 Fighting
 - Level 2.1 Dodging
 - Level 2.0 Stealth
 * Level 2.5 Spellcasting
 * Level 2.6 Conjurations
 * Level 4.8 Air Magic


You had 6 spell levels left.
You knew the following spells:

 Your Spells              Type           Power        Failure   Level  Hunger
a - Shock                 Conj/Air       ##..         4%          1    #......

Your spell library contained the following spells:

 Spells                   Type           Power        Failure   Level  Hunger
 Swiftness                Chrm/Air       #.......     11%         2    ##.....
 Static Discharge         Conj/Air       ##......     13%         3    ###....
 Airstrike                Air            ###.......   26%         4    #####..
 Lightning Bolt           Conj/Air       ##........   75%         5    ######.


Dungeon Overview and Level Annotations

Branches:
Dungeon (2/15)

Altars:

Annotations:
D:2 Robin


Innate Abilities, Weirdness & Mutations

You have a beak for a mouth.
You have claws for feet.


Message History

You hear a shout!
You hit the goblin.
You kill the goblin!
Robin roars a battlecry!
You hear a shout!
Robin closely misses you.
Things that are here:
a +0 club; a goblin corpse
Things that are here:
a cursed +0 dagger; a kobold corpse Robin hits you from afar with a +0 spear.
Okay, then.
Okay, then.
The zap hits Robin.
The zap hits Robin but does no damage.
Robin hits you from afar with a +0 spear.
* * * LOW HITPOINT WARNING * * *
You don't have enough magic to cast that spell.
Your magical contamination has completely faded away.
A goblin comes into view.
You hit the goblin. You peck the goblin.
You kill the goblin!
Robin hits you from afar with a +0 spear!
* * * LOW HITPOINT WARNING * * *
2 goblins come into view.
The goblin shouts!
Things that are here:
a +0 hunting sling; 28 stones; a goblin corpse The goblin barely misses you.
Robin flexes a bicep menacingly.
A hobgoblin comes into view. It is wielding a +0 club.
A kobold comes into view. It is wielding a +0 short sword.
Robin roars a battlecry!
The goblins go into a battle-frenzy!
The goblin no longer looks unusually strong.
A rat comes into view.
Found a stone staircase leading down.
As you read the scroll labeled QUJOXESUJO, it crumbles to dust.
You feel strangely unstable.
It was a scroll of teleportation.
The goblin hits you but does no damage.
Robin says, "We wiped out the hill dwarves - you're next!"
The kobold shouts!
The zap hits the goblin. x2
You kill the goblin!
The zap hits the goblin.
You kill the goblin!
Your Fighting skill increases to level 1!
The kobold hits you with a +0 short sword.
* * * LOW HITPOINT WARNING * * *
The goblin hits you with a +0 dagger.
You die...

#....)..........)# #.#
#..#########.###.###g#
....# ##.##.##.##
##.## #.#.#.## #.#
#.g)## #.# #).## #.#
#†## #. #g# #@# #K#
... .)..# ..†...
..r..... .........
.>........#


You could see Robin, a goblin, a kobold and a rat.

Vanquished Creatures
  A dart slug (D:1)
  2 leopard geckos
  6 giant cockroaches (D:1)
  10 goblins
  8 hobgoblins
  A ball python (D:1)
  A bat (D:1)
  A frilled lizard (D:1)
  5 kobolds
  4 rats (D:1)
39 creatures vanquished.

Notes
Turn   | Place    | Note
-------+----------+-------------------------------------------
     0 | D:1      | vurker the Tengu Air Elementalist began the quest for the
                  | Orb.
     0 | D:1      | Reached XP level 1. HP: 10/10 MP: 4/4
   331 | D:1      | Reached XP level 2. HP: 13/15 MP: 3/6
  1045 | D:1      | Reached XP level 3. HP: 16/20 MP: 1/7
  1640 | D:2      | Noticed Robin
  1680 | D:2      | Reached skill level 1 in Fighting
  1680 | D:2      | HP: 1/20 [kobold/+0 short sword (2)]
  1680 | D:2      | Slain by a goblin

Levels and vault maps discovered:
D:1:      dpeg_arrival_lava_altar, layout_basic, hangedman_decor_riveting,
          minmay_pentomino_v2
D:2:      layout_loops_ring, uniq_robin

Skill      XL: |  1  2  3 |
---------------+----------+-----
Conjurations   | 2 |  2.6
Fighting       | 1 |  1.0
Dodging        | |  2.1
Stealth        | |  2.0
Spellcasting   | |  2.5
Air Magic      | |  4.8

Action                   || total
-------------------------++-------
Melee: Unarmed           ||     5
       Dagger            ||    13
       Kick              ||     4
       Peck              ||     4
 Cast: Shock             ||    63
  Use: Scroll            ||     1
  Eat: Chunk             ||     3
Armor: Robe              ||     6
Dodge: Dodged            ||    16

Table legend:
 A = Non-vault XP
 B = Vault XP
 C = Vault XP percentage of total XP
 D = Non-vault monster count
 E = Vault monster count
 F = Vault count percentage of total count
                 A         B        C        D         E       F
            +---------+---------+-------+---------+---------+-------
      Total |      52 |      17 |  24.6 |      29 |      10 |  25.6
            +---------+---------+-------+---------+---------+-------
        D:1 |      46 |       1 |   2.1 |      26 |       1 |   3.7
        D:2 |       6 |      16 |  72.7 |       3 |       9 |  75.0
            +---------+---------+-------+---------+---------+-------
